 Dungeon Crawl Stone Soup version 0.29.0-11-gd7f09526c8 (webtiles) character file.

Game seed: 6774628557732315311

1373 greasedhog the Cudgeller (level 8, -5/51 HPs)
             Began as a Gargoyle Monk on Sept 4, 2022.
             Was a Believer of Qazlal.
             Killed from afar by a steam dragon (23 damage)
             ... with a ball of steam
             ... on level 6 of the Dungeon.
             The game lasted 00:09:04 (7444 turns).

greasedhog the Cudgeller (Gargoyle Monk)            Turns: 7444, Time: 00:09:05

Health: -5/51      AC: 26    Str: 22    XL:     8   Next: 66%
Magic:  8/8        EV: 14    Int: 11    God:    Qazlal [**....]
Gold:   284        SH:  3    Dex: 18    Spells: 7/7 levels left

rFire   . . .      SeeInvis .   D - +1 flail (protect)
rCold   . . .      Faith    .   (no shield)
rNeg    + . .      Spirit   .   q - +0 chain mail
rPois   ∞          Reflect  .   u - +0 helmet
rElec   +          Harm     .   f - +2 cloak
rCorr   .          Rampage  .   (no gloves)
Will    .....                   (no boots)
Stlth   ..........              E - amulet "Tonneqe" {Acrobat Str+5 Dex+6 Stlth-}
HPRegen 0.17/turn               o - +4 ring of evasion
MPRegen 0.11/turn               (no ring)

@: under a protective aura, studying Dodging
A: sickness immunity, AC +5, negative energy resistance 1, electricity
resistance, torment resistance 1, petrification resistance
a: Renounce Religion, Upheaval


You were on level 6 of the Dungeon.
You worshipped Qazlal.
Qazlal was pleased with you.
You visited 2 branches of the dungeon, and saw 7 of its levels.
You also visited: Sewer.

You collected 284 gold pieces.

Inventory:

Hand Weapons
 y - a +0 whip of electrocution
 D - a +1 flail of protection (weapon)
Missiles
 b - a throwing net (quivered)
Armour
 f - a +2 cloak (worn)
 q - a +0 chain mail (worn)
 u - a +0 helmet (worn)
Jewellery
 o - a +4 ring of evasion (left hand)
 E - the amulet "Tonneqe" (around neck) {Acrobat Str+5 Dex+6 Stlth-}
   (You acquired it on level 6 of the Dungeon)

   [amulet of the acrobat]

   It increases your evasion while moving and waiting.
   Str:       It affects your strength (+5).
   Dex:       It affects your dexterity (+6).
   Stlth:     It makes you less stealthy.
Wands
 t - a wand of mindburst (27)
 A - a wand of flame (16)
Scrolls
 a - 2 scrolls of butterflies
 g - 2 scrolls of identify
 p - 4 scrolls of teleportation
 r - a scroll of amnesia
 x - a scroll of brand weapon
 B - a scroll of torment
 C - a scroll of poison
Potions
 c - a potion of ambrosia
 d - a potion of mutation {unknown}
 e - 3 potions of attraction
 h - a potion of brilliance {unknown}
 i - a potion of resistance {unknown}
 j - 2 potions of degeneration {unknown}
 k - 2 potions of cancellation {unknown}
 l - 2 potions of curing {unknown}
 m - 6 potions of haste {unknown}
 n - a potion of invisibility {unknown}
 s - 3 potions of lignification {unknown}
 v - a potion of flight {unknown}
 z - a potion of magic {unknown}


   Skills:
 - Level 6.2 Fighting
 * Level 7.6 Maces & Flails
 - Level 5.0 Armour
 * Level 3.9 Dodging
 - Level 2.1 Stealth


You had 7 spell levels left.
You didn't know any spells.
Your spell library contained the following spells:

 Spells                   Type           Power      Damage    Failure   Level
 Apportation              Tloc           0%         N/A       95%         1
 Necrotise                Necr           0%         1d4       95%         1
 Summon Small Mammal      Summ           0%         N/A       95%         1
 Ensorcelled Hibernation  Hex/Ice        0%         N/A       99%         2
 Conjure Flame            Conj/Fire      0%         6-21      100%        3
 Gell's Gravitas          Tloc           0%         N/A       100%        3
 Ignite Poison            Fire/Tmut/Pois 0%         N/A       100%        3
 Spider Form              Tmut/Pois      0%         N/A       100%        3
 Teleport Other           Tloc           0%         N/A       100%        3
 Anguish                  Hex/Necr       0%         N/A       100%        4
 Sticky Flame             Conj/Fire      0%         2d3       100%        4
 Dispersal                Tloc           0%         N/A       100%        6


Dungeon Overview and Level Annotations

Branches:
Dungeon (6/15)             Temple (1/1) D:5           Sewer (visited)

Altars:
Ashenzari
Cheibriados
Dithmenos
Fedhas
Hepliaklqana
Okawaru
Qazlal
Trog
Uskayaw
Vehumet
Wu Jian
Xom
Yredelemnul
Zin

Shops:
D:2 (


Innate Abilities, Weirdness & Mutations

You are immune to sickness and miasma.
Your stone body is resilient. (AC +5)
You are immune to poison.
You resist negative energy. (rN+)
You are resistant to electric shocks. (rElec)
You are resistant to unholy torment.
You are immune to petrification.


Message History

The ogre is moderately wounded.
The ogre hits you with a +0 giant club!
The orc warrior hits you but does no damage.
You barely miss the ogre.
The ogre is moderately wounded.
The ogre closely misses you.
The orc warrior hits you but does no damage.
The orc warrior completely misses you.
Found a stone staircase leading up.
The orc warrior attacks as you move away!
The orc warrior barely misses you.
Aiming: Mindburst
Press: ? - help, Shift-Dir - straight line, f - orc warrior
Aim: an orc warrior, wielding a +0 mace and wearing a +0 chain mail (moderately wounded, chance to affect: 64%)
The orc warrior's mind is blasted!!
Unknown command.
Aiming: Mindburst
Press: ? - help, Shift-Dir - straight line, f/p - orc warrior
Aim: an orc warrior, wielding a +0 mace and wearing a +0 chain mail (almost dead, chance to affect: 64%)
The orc warrior's mind is blasted!
You blow up the orc warrior!
Qazlal accepts your kill.
Aiming: Mindburst
Press: ? - help, Shift-Dir - straight line, f - ogre
Aim: an ogre, wielding a +0 giant club (moderately wounded, chance to affect: 64%)
The ogre struggles to resist.
The ogre barely misses you.
Unknown command.
Aiming: Mindburst
Press: ? - help, Shift-Dir - straight line, f/p - ogre
Aim: an ogre, wielding a +0 giant club (moderately wounded, chance to affect: 64%)
The ogre's mind is blasted!
The ogre closely misses you.
You hit the ogre.
Your weapon exudes an aura of protection.
The ogre is almost dead.
You sock the ogre!
You kill the ogre!
Qazlal accepts your kill. The steam dragon breathes steam at you.
The ball of steam hits you!!
You die...

##.#..# #..# ..#
#...†)## #.. ...# ##
##..## #... ...##.
#....### .... #....
#......###..#.
####...####..........#..
........##..............
........§Do....###(.....
###...@##....## #..#..#
#...####..## #..#..#
#... #..## #..##.. #.<..
##..####..##.. #....
#.............
...........###.......#.
....#....... ###....###
..#.......#. #.....# #
...###. ........#


You could see a steam dragon (catching breath) and an orc.

Vanquished Creatures
  An orc warrior (D:6)
  2 ogres
  An ice beast (D:5)
  A black bear (D:5)
  A phantom (D:4)
  4 kobold brigands (Sewer)
  2 scorpions (D:5)
  A howler monkey (D:6)
  A jelly (D:6)
  A gnoll bouda (D:6)
  2 iguanas
  An orc wizard (D:5)
  Robin (D:4)
  5 gnolls (D:6)
  11 adders
  5 river rats
  A white imp (D:6)
  5 worms
  3 dart slugs
  11 orcs
  10 ball pythons
  5 bats
  13 endoplasms
  10 giant cockroaches
  10 hobgoblins
  7 jackals
  5 quokkas
  17 goblins
  12 kobolds
  9 rats
  A butterfly (D:6)
159 creatures vanquished.

Notes
Turn   | Place    | Note
-------+----------+-------------------------------------------
     0 | D:1      | greasedhog the Gargoyle Monk began the quest for the Orb.
     0 | D:1      | Reached XP level 1. HP: 14/14 MP: 1/1
   316 | D:1      | Reached XP level 2. HP: 5/19 MP: 2/2
  1458 | D:2      | Reached XP level 3. HP: 16/24 MP: 3/3
  2043 | D:2      | Found Vuutwa's Antique Weapon Shoppe.
  2104 | D:2      | Found a hazy altar of Hepliaklqana.
  2506 | D:3      | Reached skill level 4 in Maces & Flails
  2506 | D:3      | Reached XP level 4. HP: 26/30 MP: 4/4
  3300 | D:4      | Noticed Robin
  3485 | D:4      | Killed Robin
  3486 | D:4      | Reached XP level 5. HP: 30/34 MP: 5/5
  3692 | D:4      | Noticed a phantom
  3712 | D:4      | Killed a phantom
  3713 | D:4      | Reached skill level 5 in Fighting
  3848 | D:4      | Found a glowing drain.
  3881 | D:4      | Reached skill level 5 in Maces & Flails
  3884 | Sewer    | Entered a sewer
  3922 | Sewer    | Noticed a kobold brigand
  3945 | Sewer    | Killed a kobold brigand
  3946 | Sewer    | Reached skill level 1 in Armour
  3946 | Sewer    | Reached XP level 6. HP: 20/41 MP: 6/6
  4545 | Sewer    | Reached XP level 7. HP: 40/46 MP: 7/7
  5035 | D:4      | Reached skill level 6 in Maces & Flails
  5247 | D:5      | Entered Level 5 of the Dungeon
  5256 | D:5      | Identified the +6 dagger "Leseovil" {elec, rElec rN+ MP+9
                  | Str+4}
  5267 | D:5      | Found a staircase to the Ecumenical Temple.
  5284 | Temple   | Entered the Ecumenical Temple
  5466 | Temple   | Became a worshipper of Qazlal Stormbringer
  5466 | Temple   | Reached * piety under Qazlal
  5466 | Temple   | Reached ** piety under Qazlal
  5628 | D:5      | Reached XP level 8. HP: 38/51 MP: 8/8
  5953 | D:5      | Reached skill level 5 in Armour
  6023 | D:5      | Reached skill level 7 in Maces & Flails
  6101 | D:5      | Found a snail-covered altar of Cheibriados.
  7155 | D:6      | Identified 2 scrolls of acquirement
  7159 | D:6      | Acquired the amulet "Tonneqe" {Acrobat Str+5 Dex+6 Stlth-}
  7166 | D:6      | Acquired a manual of Dodging
  7205 | D:6      | Found a basalt altar of Yredelemnul.
  7444 | D:6      | Killed from afar by a steam dragon

Illustrated notes

Levels and vault maps discovered:
D:1:      lightli_iron_boxes, layout_basic
D:2:      layout_loops_cross, basic_altar, serial_shops,
          nicolae_shop_hallway_plus
D:3:      layout_basic
D:4:      layout_cave_pools, portal_sewer_entry_e, uniq_robin
D:5:      layout_basic, kennysheep_slug_shrine, minmay_temple_entry_ruins
D:6:      layout_layer_cave, yredelemnul_altar_generic,
          nicolae_elyvilon_peaceful_grove, ebering_ghost_sewer_d,
          minmay_fractal_squares_5
Temple:   minmay_temple_bridge_abc

Skill      XL: |  1  2  3  4  5  6  7  8 |
---------------+-------------------------+-----
Fighting       | 4 5 6 |  6.2
Maces & Flails | 4 5 6 7 |  7.6
Armour         | 1 2 4 5 |  5.0
Dodging        | 3 |  3.9
Stealth        | |  2.1

Action                   |  1- 3 |  4- 6 |  7- 9 || total
-------------------------+-------+-------+-------++-------
Melee: Mace              |   144 |   303 |       ||   447
       Whip              |       |       |   230 ||   230
       Punch             |       |       |     8 ||     8
       Flail             |       |       |    34 ||    34
Evoke: Wand              |       |       |     4 ||     4
  Use: Scroll            |     4 |     1 |     7 ||    12
Armor: Scale mail        |    73 |       |       ||    73
       Robe              |     5 |       |       ||     5
       Chain mail        |     8 |   227 |   106 ||   341
Dodge: Dodged            |    82 |   219 |   127 ||   428
Block: Other             |       |       |    16 ||    16
